 Dungeon Crawl Stone Soup version 0.26-a0-201-gb271ac0 (webtiles) character file.

Game seed: 5461128675596111086

164 Balder the Chopper (level 5, 0/46 HPs)
             Began as a Draconian Berserker on July 6, 2020.
             Was a Believer of Trog.
             Killed by divine providence
             ... invoked by an orc priest
              (15 damage)
             ... on level 3 of the Dungeon.
             The game lasted 00:05:46 (2310 turns).

Balder the Chopper (Draconian Berserker)            Turns: 2310, Time: 00:05:46

Health: 0/46       AC:  8    Str: 20    XL:     5   Next: 21%
Magic:  5/5        EV: 13    Int:  7    God:    Trog [**....]
Gold:   92         SH:  0    Dex: 11    Spells: 4/4 levels left

rFire    . . .     SeeInvis .   a - +0 hand axe
rCold    . . .     Faith    .   (no shield)
rNeg     . . .     Spirit   .   (armour unavailable)
rPois    .         Reflect  .   (helmet restricted)
rElec    .         Harm     .   (no cloak)
rCorr    .                      (no gloves)
MR       .....                  d - +2 pair of boots
Stlth    ++........             (no amulet)
HPRegen  0.15/turn              (no ring)
MPRegen  0.09/turn              (no ring)

@: no status effects
A: unfitting armour, cold-blooded, AC +5
a: Berserk, Trog's Hand, Renounce Religion


You were on level 3 of the Dungeon.
You worshipped Trog.
Trog was pleased with you.
You were hungry.

You visited 1 branch of the dungeon, and saw 3 of its levels.

You collected 92 gold pieces.

Inventory:

Hand Weapons
 a - a +0 hand axe (weapon)
Missiles
 e - 19 poisoned darts (quivered)
 s - 2 boomerangs
Armour
 d - a +2 pair of boots (worn)
Jewellery
 o - an uncursed ring of protection from fire {unknown}
Scrolls
 c - a scroll of enchant armour {unknown}
 f - 2 scrolls of random uselessness {unknown}
 g - 5 scrolls of identify {unknown}
 h - 3 scrolls of remove curse {unknown}
 i - a scroll of teleportation {unknown}
 n - a scroll of blinking {unknown}
Potions
 j - a potion of degeneration {unknown}
 k - a potion of might {unknown}
 l - a potion of flight {unknown}
 m - a potion of stabbing {unknown}
 p - a potion of magic {unknown}
 r - a potion of ambrosia {unknown}
Comestibles
 b - 4 rations
 q - 7 chunks of flesh


   Skills:
 * Level 4.1 Fighting
 * Level 4.2 Axes
 * Level 1.1 Throwing
 * Level 3.5 Dodging
 * Level 1.4 Stealth


You had 4 spell levels left.
You didn't know any spells.
Your spell library was empty.

Dungeon Overview and Level Annotations

Branches:
Dungeon (3/15)

Altars:
Cheibriados
Kikubaaqudgha
Trog
Zin


Innate Abilities, Weirdness & Mutations

Your plain brown scales are hard. (AC +5)
You cannot fit into any form of body armour.
You are cold-blooded and may be slowed by cold attacks.


Message History

You barely miss the orc priest.
The orc priest is almost dead.
The orc priest barely misses you.
You closely miss the orc priest.
The orc priest is almost dead.
The orc priest looks encouraged for a moment.
You hit the orc priest.
The orc priest is almost dead.
The orc priest hits you.
You closely miss the orc priest.
Your tail-slap misses the orc priest.
The orc priest is almost dead.
The orc priest hits you.
You closely miss the orc priest.
The orc priest is almost dead.
The orc priest closely misses you.
You barely miss the orc priest.
The orc priest is almost dead.
The orc priest invokes the aid of Beogh against you.
Beogh smites you!
You die...

## #. #. #.
######.#####
.........).#
........##.#
#......@##)#
##.....o##[#
##...%.##.#
##....##<#
#.....##.#
#..........
#.###.#.$#.#.
.. ..#..#.#.#
#. ... #


You could see an orc priest.

Vanquished Creatures
  An orc wizard (D:3)
  Natasha (twice) (D:2)
  2 adders (D:2)
  4 oozes
  2 worms (D:2)
  A dart slug (D:1)
  2 orcs (D:3)
  4 giant cockroaches
  5 goblins
  3 hobgoblins
  4 jackals (D:1)
  3 kobolds
  A quokka (D:2)
  3 bats
  3 frilled lizards (D:2)
  3 rats
43 creatures vanquished.

Notes
Turn   | Place    | Note
-------+----------+-------------------------------------------
     0 | D:1      | Balder the Draconian Berserker began the quest for the Orb.
     0 | D:1      | Reached XP level 1. HP: 19/19 MP: 1/1
   537 | D:1      | Reached XP level 2. HP: 26/26 MP: 2/2
  1330 | D:2      | Noticed Natasha
  1335 | D:2      | Killed Natasha
  1335 | D:2      | Reached XP level 3. HP: 32/33 MP: 3/3
  1398 | D:2      | Reached skill level 1 in Stealth
  1538 | D:2      | Found an ancient bone altar of Kikubaaqudgha.
  1564 | D:2      | Found a bloodstained altar of Trog.
  1851 | D:2      | Reached XP level 4. HP: 40/40 MP: 4/4
  1995 | D:2      | Noticed Natasha
  1996 | D:2      | Found a snail-covered altar of Cheibriados.
  1998 | D:2      | Reached ** piety under Trog
  2007 | D:2      | Killed Natasha
  2176 | D:2      | Found a glowing silver altar of Zin.
  2274 | D:3      | Reached skill level 1 in Throwing
  2283 | D:3      | Reached XP level 5. HP: 45/46 MP: 5/5
  2310 | D:3      | Killed from afar by an orc priest

Illustrated notes

Levels and vault maps discovered:
D:1:      nagdon_arrival_double_spiral, layout_loops_corners
D:2:      layout_loops_ring, old_standard_altar, zin_treasury,
          kiku_gazebo_garden_becter, lemuel_coloured_pillars_altar, uniq_natasha
D:3:      layout_loops_ring, grunt_temple_overflow_holy_war

Skill      XL: |  1  2  3  4 |
---------------+-------------+-----
Dodging        | 3 |  3.5
Stealth        | 1 |  1.4
Fighting       | 4 |  4.1
Axes           | 4 |  4.2
Throwing       | 1 |  1.1

Action                   |  1- 3 |  4- 6 || total
-------------------------+-------+-------++-------
Melee: Hand axe          |    98 |    60 ||   158
       Tailslap          |    15 |    10 ||    25
Invok: Berserk           |     1 |       ||     1
 Stab: Sleeping          |     1 |       ||     1
  Eat: Chunk             |     4 |     1 ||     5
Armor: Skin              |    30 |    12 ||    42
Dodge: Dodged            |    77 |    30 ||   107

Table legend:
 A = Non-vault XP
 B = Vault XP
 C = Vault XP percentage of total XP
 D = Non-vault monster count
 E = Vault monster count
 F = Vault count percentage of total count
                 A         B        C        D         E       F
            +---------+---------+-------+---------+---------+-------
      Total |     200 |      35 |  14.9 |      42 |       1 |   2.3
            +---------+---------+-------+---------+---------+-------
        D:1 |      33 |       0 |   0.0 |      15 |       0 |   0.0
        D:2 |     112 |      35 |  23.8 |      23 |       1 |   4.2
        D:3 |      55 |       0 |   0.0 |       4 |       0 |   0.0
            +---------+---------+-------+---------+---------+-------
